[ AOE2 MATCH · #506714611 ]
UnrankedShu vs Magyars
Player's team · WIN
Rival team · LOSS
[ REPLAY ANALYSIS · EXTRACTED FROM THE RECORDED GAME ]
Feudal
—
Castle
—
Imperial
—
| APM avg | 43.5 |
| APM peak | 58 |
| eAPM avg | 14.6 |
| Villagers / military | 21 / 0 |
Focus
⚔️ 5.0% · 🌾 95.0%
Feudal
—
Castle
—
Imperial
—
| APM avg | 42.4 |
| APM peak | 58 |
| eAPM avg | 15.8 |
| Villagers / military | 8 / 0 |
Focus
⚔️ 23.5% · 🌾 76.5%
Match map
Initial resources + every placement click. Lines = walls · curves = elevation contours. ◆ gold · ⬟ stone · ● berries · ✦ relic · ◌ wall gap
Your base
[ESTG] ENAO EL PETE's base
Smoothed initial terrain · ◌ = detected wall gap · hover for details
Inputs per minute
— Jazzmushroom - - [ESTG] ENAO EL PETE
Build order — Jazzmushroom
24 actions detected in the replay
| 0:00 | Queue | Villager (Male) |
| 0:01 | Queue | Villager (Male) |
| 0:01 | Queue | Villager (Male) |
| 0:02 | Build | House |
| 0:04 | Build | House |
| 0:29 | Research | Loom |
| 1:03 | Queue | Villager (Male) |
| 1:04 | Queue | Villager (Male) |
| 2:14 | Queue | Villager (Male) |
| 2:15 | Queue | Villager (Male) |
| 2:15 | Queue | Villager (Male) |
| 3:01 | Queue | Villager (Male) |
| 3:01 | Queue | Villager (Male) |
| 3:39 | Queue | Villager (Male) |
| 3:39 | Queue | Villager (Male) |
| 3:55 | Queue | Villager (Male) |
| 3:55 | Queue | Villager (Male) |
| 5:12 | Queue | Villager (Male) |
| 5:13 | Queue | Villager (Male) |
| 5:48 | Queue | Villager (Male) |
| 5:48 | Queue | Villager (Male) |
| 5:49 | Queue | Villager (Male) |
| 6:21 | Queue | Villager (Male) |
| 6:22 | Queue | Villager (Male) |
Build order — [ESTG] ENAO EL PETE
13 actions detected in the replay
| 0:02 | Research | Loom |
| 0:02 | Queue | Villager (Male) |
| 0:02 | Queue | Villager (Male) |
| 0:04 | Build | House |
| 0:07 | Build | House |
| 0:54 | Queue | Villager (Male) |
| 2:27 | Queue | Villager (Male) |
| 2:27 | Queue | Villager (Male) |
| 3:11 | Queue | Villager (Male) |
| 3:12 | Queue | Villager (Male) |
| 4:11 | Build | Palisade Wall |
| 4:19 | Build | Mill |
| 4:26 | Queue | Villager (Male) |
Match timeline
| 4:11 | [ESTG] ENAO EL PETE · wall_segment Palisade Wall x11 |
| 6:23 | [ESTG] ENAO EL PETE · resign |
[ AI ANALYSIS · 1 CREDIT ]
What really happened in this match?
Wolo.gg analyzes every decision: build order, eco, micro, common mistakes by bracket. Personalized analysis on WhatsApp or Discord in 30 seconds.
Civ guide
Shu
Perfil
Jazzmushroom